 Dungeon Crawl Stone Soup version 0.22.1-2-g9c5b331 (webtiles) character file.

296 JustSomeDude the Sneak (level 6, -2/42 HPs)
             Began as a Demonspawn Assassin on Jan 1, 2019.
             Slain by a crocodile (15 damage)
             ... in a sewer.
             The game lasted 00:11:01 (3245 turns).

JustSomeDude the Sneak (Demonspawn Assassin)        Turns: 3245, Time: 00:11:02

Health: -2/42      AC:  5    Str: 11 (13) XL:     6   Next: 12%
Magic:  6/6        EV: 12    Int: 13      God:
Gold:   236        SH:  0    Dex: 14 (16) Spells: 5/5 levels left

rFire    . . .     SeeInvis .   z - +2 dagger (vamp)
rCold    + . .     Gourm    .   (no shield)
rNeg     . . .     Faith    .   v - +0 leather armour
rPois    .         Spirit   .   (helmet restricted)
rElec    .         Reflect  .   B - +1 cloak
rCorr    .         Harm     .   (no gloves)
MR       .....                  (no boots)
Stlth    +++.......             (no amulet)
HPRegen  0.14/turn              (no ring)
MPRegen  0.10/turn              (no ring)

@: very slightly contaminated, invisible
A: beak, talons 1, cold resistance 1, frail 1, powered by death 1, strong 1,
freezing cloud immunity
a: no special abilities


You were in a sewer.
You were not hungry.

You visited 1 branch of the dungeon, and saw 4 of its levels.
You also visited: Sewer.

You collected 236 gold pieces.

Inventory:

Hand Weapons
 a - a +2 dagger
 b - a +0 blowgun
 z - a +2 vampiric dagger (weapon)
Missiles
 e - 47 poisoned needles
 f - 2 curare-tipped needles
 x - a throwing net (quivered)
 A - 135 stones
Armour
 c - a +0 robe
 d - a +0 cloak
 t - a +0 pair of gloves
 v - a +0 leather armour (worn)
 B - a +1 cloak (worn)
 F - a +0 shield
Jewellery
 r - an uncursed ring of fire {unknown}
Scrolls
 h - a scroll of enchant armour {unknown}
 i - 5 scrolls of identify {unknown}
 j - 2 scrolls of teleportation {unknown}
 o - a scroll of blinking {unknown}
 p - 2 scrolls of fear {unknown}
 q - 4 scrolls of immolation {unknown}
 u - 2 scrolls of remove curse {unknown}
 y - 3 scrolls of fog {unknown}
 C - a scroll of amnesia {unknown}
 E - a scroll of random uselessness {unknown}
Potions
 k - a potion of haste
 l - 2 potions of flight
 m - 2 potions of brilliance
 n - a potion of invisibility
 s - a potion of might
 w - 2 potions of mutation
 G - a potion of agility {unknown}
Comestibles
 g - 8 rations
 D - a chunk of flesh


   Skills:
 + Level 3.0 Fighting
 + Level 3.2 Short Blades
 + Level 1.8 Throwing
 + Level 1.2 Armour
 + Level 2.4 Dodging
 + Level 5.0 Stealth


You had 5 spell levels left.
You didn't know any spells.
Your spell library was empty.

Dungeon Overview and Level Annotations

Branches:
Dungeon (4/15)
 Temple: D:4-7

Altars:
Trog


Innate Abilities, Weirdness & Mutations

You have sharp toenails.
Your flesh is cold resistant. (rC+)
You regenerate a little health from kills.
You are immune to freezing clouds.
You have a beak for a mouth.
You are frail. (-10% HP)
Your muscles are strong. (Str +2)


Message History

The crocodile bites you!
You hit the crocodile.
The crocodile is heavily wounded.
The crocodile bites you!
You hit the crocodile but do no damage.
The crocodile is heavily wounded.
The crocodile bites you!
You barely miss the crocodile. Your kick misses the crocodile.
The crocodile is heavily wounded.
You fade into invisibility!
The crocodile bites you.
* * * LOW HITPOINT WARNING * * *
You are very lightly contaminated with residual magic.
You closely miss the crocodile.
The crocodile is moderately wounded.
You hit the crocodile but do no damage.
You claw the crocodile, but do no damage.
The crocodile is moderately wounded.
The crocodile bites you!
You die...

≈≈≈# #≈≈≈#
#≈≈≈# #≈≈≈#
##########
#.)'.≈≈≈.+
####.≈≈≈.#
####.≈≈≈.####
#.)'.≈≈≈@'..#
####.≈≈≈t####
####.≈≈≈.####
#..'.≈≈≈.'..#
####.≈≈≈.####
####.≈≈≈.####
#∩....∩..'..#
####.≈≈≈.####
####.≈≈≈.####


You could see a crocodile.

Vanquished Creatures
  Purgy (D:4)
  Jessica (D:2)
  Robin (D:3)
  3 adders
  3 worms
  A dart slug (D:1)
  A leopard gecko (D:3)
  12 orcs
  5 giant cockroaches
  16 goblins
  9 hobgoblins
  14 jackals
  2 quokkas
  A ball python skeleton (D:4)
  8 bats
  7 frilled lizards
  8 kobolds
  5 rats
98 creatures vanquished.

Notes
Turn   | Place    | Note
-------+----------+-------------------------------------------
     0 | D:1      | JustSomeDude the Demonspawn Assassin began the quest for
                  | the Orb.
     0 | D:1      | Reached XP level 1. HP: 16/16 MP: 1/1
   146 | D:1      | Reached skill level 4 in Stealth
   159 | D:1      | Gained mutation: Your flesh is cold resistant. (rC+)
                  | [demonic ancestry]
   159 | D:1      | Reached XP level 2. HP: 3/22 MP: 2/2
   535 | D:1      | Reached skill level 1 in Dodging
   810 | D:2      | Gained mutation: You regenerate a little health from kills.
                  | [demonic ancestry]
   810 | D:2      | Reached XP level 3. HP: 23/27 MP: 3/3
   865 | D:2      | Noticed Jessica
   874 | D:2      | Killed Jessica
   988 | D:2      | Gained mutation: You are immune to freezing clouds.
                  | [demonic ancestry]
   988 | D:2      | Reached XP level 4. HP: 33/33 MP: 4/4
  1129 | D:2      | Found a bloodstained altar of Trog.
  2290 | D:3      | Noticed Robin
  2396 | D:3      | Killed Robin
  2396 | D:3      | Gained mutation: You have sharp toenails. [demonic
                  | ancestry]
  2396 | D:3      | Reached XP level 5. HP: 29/39 MP: 5/5
  2541 | D:4      | Noticed Purgy
  2814 | D:4      | Found a glowing drain.
  2855 | D:4      | Gained mutation: You are frail. (-10% HP) [potion of
                  | mutation]
  2855 | D:4      | Gained mutation: You have a beak for a mouth. [potion of
                  | mutation]
  2855 | D:4      | Gained mutation: Your muscles are strong. (Str +2) [potion
                  | of mutation]
  2876 | D:4      | Killed Purgy
  2876 | D:4      | Reached skill level 1 in Armour
  2876 | D:4      | Reached skill level 5 in Stealth
  2876 | D:4      | Reached XP level 6. HP: 7/42 MP: 6/6
  2995 | Sewer    | Entered a sewer
  3245 | Sewer    | Slain by a crocodile

Skill      XL: |  1  2  3  4  5 |
---------------+----------------+-----
Stealth        | 4 5 |  5.0
Dodging        | 1 2 |  2.4
Short Blades   | 2 3 |  3.2
Fighting       | 3 |  3.0
Armour         | 1 |  1.2
Throwing       | |  1.8

Action                   |  1- 3 |  4- 6 || total
-------------------------+-------+-------++-------
Melee: Dagger            |   113 |   270 ||   383
       Kick              |       |    15 ||    15
       Peck              |       |     7 ||     7
  Use: Potion            |     4 |     7 ||    11
 Stab: Sleeping          |     8 |    10 ||    18
       Invisible         |     1 |       ||     1
  Eat: Chunk             |       |     5 ||     5
       Ration            |       |     2 ||     2
Armor: Robe              |    41 |    13 ||    54
       Leather armour    |       |    53 ||    53
Dodge: Dodged            |    72 |   166 ||   238
